 Dungeon Crawl Stone Soup version 0.28.0-62-gf88900778d (webtiles) character file.

Game seed: 3848205854246449878

27347 cbfl8 the Severer (level 13, -12/101 HPs)
             Began as a Minotaur Fighter on Jan 24, 2024.
             Was a High Priest of Hepliaklqana.
             Killed from afar by Azrael (34 damage)
             ... with damnation
             ... on level 13 of the Dungeon on Jan 31, 2024.
             The game lasted 00:21:26 (18504 turns).

cbfl8 the Severer (Minotaur Fighter)               Turns: 18504, Time: 00:21:26

Health: -12/101    AC: 25    Str: 22    XL:     13   Next: 3%
Magic:  12/12      EV:  7    Int:  5    God:    Hepliaklqana [*****.]
Gold:   914        SH:  6    Dex: 17    Spells: 12/12 levels left

rFire   . . .      SeeInvis .   f - +9 war axe "Niuteat" {pain, *Corrode +Blink Will+ Dex+3}
rCold   + + .      Faith    +   c - +0 buckler
rNeg    . . .      Spirit   .   v - +0 plate armour of the Lost Path {rC+}
rPois   .          Reflect  .   (helmet restricted)
rElec   .          Harm     .   m - +0 cloak
rCorr   .          Rampage  .   j - +2 pair of gloves
Will    +....                   (no boots)
Stlth   ..........              e - amulet of faith
HPRegen 0.26/turn               C - +4 ring of protection
MPRegen 0.13/turn               E - ring of protection from cold

@: mighty, about to teleport, studying Stealth
A: reduced essence, horns 2, retaliatory headbutt
a: Renounce Religion, Evoke Blink, Recall Ancestor, Ancestor Identity,
Transference, Idealise


You were on level 13 of the Dungeon.
You worshipped Hepliaklqana.
Hepliaklqana was extremely pleased with you.
You visited 2 branches of the dungeon, and saw 15 of its levels.
You also visited: Bailey.

You collected 1049 gold pieces.
You spent 135 gold pieces at shops.

Inventory:

Hand Weapons
 b - a +1 war axe of flaming
 f - the +9 war axe "Niuteat" (weapon) {pain, *Corrode +Blink Will+ Dex+3}
   (You found it on level 7 of the Dungeon)

   In the hands of one skilled in necromantic magic, it inflicts extra damage on
   living creatures.
   Dex:       It affects your dexterity (+3).
   +Blink:    It lets you blink.
   *Corrode:  It may corrode you when you take damage.
   Will:      It increases your willpower.
Missiles
 l - a throwing net
Armour
 c - a +0 buckler (worn)
 j - a +2 pair of gloves (worn)
 m - a +0 cloak (worn)
 v - the +0 plate armour of the Lost Path (worn) {rC+}
   (You found it in a bailey)

   rC:        It protects you from cold.
Jewellery
 e - an amulet of faith (around neck)
 C - a +4 ring of protection (left hand)
 E - a ring of protection from cold (right hand)
Wands
 s - a wand of iceblast (6) (quivered)
Scrolls
 d - a scroll of magic mapping
 h - 3 scrolls of enchant armour
 i - 3 scrolls of teleportation
 k - a scroll of immolation
 n - 3 scrolls of noise
 p - a scroll of summoning
 t - a scroll of enchant weapon
 w - 3 scrolls of fog
Potions
 a - a potion of curing
 o - a potion of haste
 q - 2 potions of mutation
 r - 3 potions of ambrosia
 u - a potion of invisibility
 B - a potion of berserk rage {unknown}
Miscellaneous
 y - a tin of tremorstones (2/2)


   Skills:
 + Level 10.2 Fighting
 + Level 15.0 Axes
 + Level 13.3 Armour
 + Level 6.6 Stealth
 + Level 8.1 Shields
 * Level 9.3 Evocations


You had 12 spell levels left.
You didn't know any spells.
Your spell library contained the following spells:

 Spells                   Type           Power      Damage    Failure   Level
 Freeze                   Ice            0%         1d3       100%        1
 Blink                    Tloc           0%         N/A       100%        2
 Sublimation of Blood     Necr           0%         N/A       100%        2
 Wereblood                Tmut           0%         N/A       100%        2
 Frozen Ramparts          Ice            0%         1d2       100%        3
 Lesser Beckoning         Tloc           0%         N/A       100%        3
 Portal Projectile        Hex/Tloc       0%         N/A       100%        3
 Airstrike                Air            0%         N/A       100%        4
 Hailstorm                Conj/Ice       0%         3d3       100%        4
 Summon Lightning Spire   Summ/Air       0%         N/A       100%        4
 Blade Hands              Tmut           0%         N/A       100%        5
 Excruciating Wounds      Necr           0%         N/A       100%        5
 Irradiate                Conj/Tmut      0%         3d13      100%        5
 Lightning Bolt           Conj/Air       0%         1d11      100%        5
 Manifold Assault         Tloc           0%         N/A       100%        5
 Dragon Form              Tmut           0%         N/A       100%        7
 Summon Hydra             Summ           0%         N/A       100%        7


Dungeon Overview and Level Annotations

Branches:
Dungeon (14/15)            Temple (1/1) D:5            Lair (0/6) D:9
    Orc (0/2) D:12         Bailey (visited)
 Vaults: D:13-14

Altars:
Cheibriados
Fedhas
Gozag
Hepliaklqana
Makhleb
Okawaru
Ru
Sif Muna
Trog
Vehumet
Xom
Zin
Beogh

Shops:
D:4 ?(=(

Portals:
Trove: D:11 (give +6 demon blade)

Annotations:
D:7 2 transporters, macfelon's ghost, novice DECj
D:13 Azrael


Innate Abilities, Weirdness & Mutations

Your life essence is reduced to manifest your ancestor. (-10% HP)
You have a pair of horns on your head.
You reflexively headbutt those who attack you in melee.


Message History

Press: ? - help, Q - select action, (/) - cycle Shift-Dir - straight line, f/p - Azrael
Aim: Azrael, wielding a +0 scimitar of flaming (lightly wounded)
The mass of ice explodes!
The iceblast engulfs Azrael!
Azrael is frozen!
Azrael is moderately wounded.
Azrael gestures at you.
The bolt of fire hits you but does no damage.
Aiming: Iceblast
Press: ? - help, Q - select action, (/) - cycle Shift-Dir - straight line, f/p - Azrael
Aim: Azrael, wielding a +0 scimitar of flaming (moderately wounded)
The mass of ice explodes!
The iceblast engulfs Azrael!
Azrael is frozen!
Azrael is heavily wounded.
Unknown command.
Aiming: Iceblast
Press: ? - help, Q - select action, (/) - cycle Shift-Dir - straight line, f/p - Azrael
Aim: Azrael, wielding a +0 scimitar of flaming (heavily wounded)
The mass of ice explodes!
The iceblast engulfs Azrael!!
Azrael is frozen!
Azrael is severely wounded.
Unknown command.
Okay, then.
Okay, then.
You feel very mighty all of a sudden. Azrael gestures at you.
The fireball explodes!
The fireball engulfs you!! Azrael gestures at you.
The fireball explodes!
The fireball engulfs you!
* * * LOW HITPOINT WARNING * * *
The fireball engulfs Azrael.
Azrael completely resists.
You slash Azrael!
Azrael is almost dead.
Azrael closely misses you.
Unknown command.
As you read the scroll of fear, it crumbles to dust.
You assume a fearsome visage.
Azrael looks frightened!
The sentinel's mark upon you fades away.
As you read the scroll of teleportation, it crumbles to dust.
You feel strangely unstable.
There is a stone staircase leading down here.
Azrael gestures at you.
The sphere of damnation explodes!
The damnation engulfs you!!
You die...

#.# ###.)#○....###
#.## #....#...#.#
..####.##)).#.#<#
#......##))##R..#
##..##..#.).○.○..###
#...##.[<...##.....#
..#.#..##.#.##.....#
......###)#(##.....#
............##.>@..#
...#.....#.#########
.#....##.##.#.#.#
......##..##.#.#
....#.###.#.#.#
.#..#.###.##[#(#
.....(..###.# #$#
.###)....### #.#
##.<......# #)#


You could see Azrael (fleeing).

Vanquished Creatures
  Josephine (D:13)
  A vault guard (D:13)
  A boulder beetle (D:13)
  2 hydras
  A tengu warrior (D:13)
  3 two-headed ogres
  An orc knight (Bailey)
  A deep elf zephyrmancer (Bailey)
  4 manticores
  3 ugly things
  2 cyclopes (D:13)
  A gargoyle (D:11)
  3 kobold demonologists (D:13)
  Maggie (D:8)
  A komodo dragon (D:13)
  3 slime creatures
  Grinder (D:3)
  3 shadows
  4 wraiths
  3 fire elementals (D:13)
  4 yaks (D:8)
  A steam dragon (D:8)
  6 vampire mosquitoes (D:11)
  An acid dragon (D:11)
  Menkaure (D:7)
  Duvessa (D:6)
  2 sky beasts (D:6)
  4 ice beasts
  16 orc warriors
  A necrophage (D:4)
  A black bear (D:6)
  A boggart (D:14)
  6 ogres
  5 centaurs
  A phantom (D:4)
  4 bullfrogs
  A gnoll sergeant (D:7)
  Dowan (D:6)
  A wyvern skeleton (D:7)
  11 killer bees (D:9)
  3 wights (D:6)
  5 howler monkeys
  5 centaur zombies
  8 orc priests
  A hound (D:4)
  3 jellies
  2 centaur skeletons
  Jessica (D:3)
  A bullfrog skeleton (D:5)
  3 iguanas (D:8)
  4 orc wizards
  A hound skeleton (D:4)
  A howler monkey zombie (D:6)
  8 gnolls
  8 adders
  A shadow imp (D:6)
  3 white imps
  An ufetubus (D:2)
  A worm (D:2)
  3 dart slugs
  54 orcs
  7 ball pythons
  7 bats
  8 endoplasms
  2 giant cockroaches
  5 goblins
  6 hobgoblins
  7 jackals
  7 quokkas
  6 frilled lizards
  16 kobolds
  2 rats (D:2)
299 creatures vanquished.

Vanquished Creatures (collateral kills)
  A two-headed ogre (D:12)
  An ugly thing (D:12)
  2 cyclopes
  2 efreet (D:13)
  An unseen horror (D:11)
  A komodo dragon (D:8)
  A tengu conjurer (D:13)
  A queen bee (D:9)
  2 slime creatures (D:14)
  A meliai zombie (D:11)
  3 wraiths
  A fire elemental (D:13)
  A redback (D:13)
  2 vampire mosquitoes (D:11)
  2 orc warriors (D:13)
  2 boggarts
  An ogre (D:13)
  2 kobold brigands
  3 killer bees (D:9)
  3 howler monkeys
  3 iguanas (D:8)
  An orc wizard (D:9)
  3 gnolls (D:7)
  7 orcs
  2 kobolds
49 creatures vanquished.

Vanquished Creatures (others)
  A boggart (D:14)
  9 battlemagi
  An ancestor (Bailey)
  6 plants (D:8)
17 creatures vanquished.

Grand Total: 365 creatures vanquished

Notes
Turn   | Place    | Note
-------+----------+-------------------------------------------
     0 | D:1      | cbfl8 the Minotaur Fighter began the quest for the Orb.
     0 | D:1      | Reached XP level 1. HP: 19/19 MP: 0/0
   213 | D:1      | Reached XP level 2. HP: 27/27 MP: 1/1
   771 | D:2      | Reached XP level 3. HP: 30/33 MP: 2/2
   803 | D:2      | Reached skill level 1 in Evocations
   991 | D:2      | Reached skill level 3 in Axes
  1261 | D:2      | Reached XP level 4. HP: 32/40 MP: 3/3
  1327 | D:2      | Found a shimmering altar of Xom.
  1659 | D:2      | Found a faded altar of an unknown god.
  2224 | D:3      | Reached XP level 5. HP: 9/46 MP: 4/4
  2489 | D:3      | Reached skill level 4 in Axes
  2629 | D:3      | Noticed Grinder
  2639 | D:3      | Killed Grinder
  2640 | D:3      | Reached skill level 5 in Armour
  2640 | D:3      | Reached XP level 6. HP: 33/53 MP: 5/5
  2916 | D:3      | Noticed Jessica
  2924 | D:3      | Killed Jessica
  2925 | D:3      | Reached skill level 5 in Axes
  3096 | D:3      | Noticed an ice beast
  3105 | D:3      | Killed an ice beast
  3106 | D:3      | Reached XP level 7. HP: 60/60 MP: 6/6
  3570 | D:4      | Found Fourr's Antique Weapon Boutique.
  3608 | D:4      | Found Agiappu's Antique Weapon Emporium.
  3612 | D:4      | Reached skill level 5 in Fighting
  3612 | D:4      | Reached skill level 6 in Axes
  3818 | D:4      | Found Cuti's Jewellery Emporium.
  4089 | D:4      | Found Waw Yre's Magic Scroll Shop.
  4094 | D:4      | Bought a scroll of identify for 20 gold pieces
  4094 | D:4      | Bought a scroll of identify for 20 gold pieces
  4094 | D:4      | Bought a scroll of summoning for 95 gold pieces
  4186 | D:5      | Entered Level 5 of the Dungeon
  4572 | D:5      | Reached skill level 5 in Shields
  4885 | D:5      | Found a staircase to the Ecumenical Temple.
  4894 | Temple   | Entered the Ecumenical Temple
  5045 | Temple   | Became a worshipper of Hepliaklqana the Forgotten
  5078 | D:5      | Identified a scroll of acquirement
  5080 | D:5      | Acquired a manual of Stealth
  5168 | D:6      | Reached XP level 8. HP: 55/68 MP: 7/7
  5239 | D:6      | Reached skill level 7 in Axes
  5668 | D:6      | Noticed Duvessa
  5668 | D:6      | Noticed Dowan
  5675 | D:6      | Killed Duvessa
  5676 | D:6      | Reached skill level 8 in Axes
  5692 | D:6      | Killed Dowan
  6379 | D:7      | Reached skill level 9 in Axes
  6379 | D:7      | Reached XP level 9. HP: 75/75 MP: 8/8
  6749 | D:7      | Noticed macfelon's ghost (novice DECj)
  6754 | D:7      | Noticed Menkaure
  6762 | D:7      | Killed Menkaure
  7026 | D:7      | Found a transporter.
  7041 | D:7      | Reached * piety under Hepliaklqana
  7060 | D:7      | Found a transporter.
  7543 | D:7      | Identified the +9 war axe "Niuteat" {pain, *Corrode +Blink
                  | Will+ Dex+3}
  7678 | D:8      | Reached skill level 5 in Evocations
  7683 | D:8      | Reached skill level 10 in Axes
  7756 | D:8      | Found a flagged portal.
  7825 | Bailey   | Entered a bailey
  8016 | Bailey   | Noticed an orc knight
  8021 | Bailey   | Found a large runed translucent door.
  8021 | Bailey   | Found a large runed translucent door.
  8058 | Bailey   | Killed an orc knight
  8059 | Bailey   | Reached skill level 1 in Stealth
  8062 | Bailey   | Reached XP level 10. HP: 24/77 MP: 9/9
  8350 | Bailey   | Noticed a deep elf zephyrmancer
  8414 | Bailey   | Killed a deep elf zephyrmancer
  8426 | Bailey   | Identified the +9 plate armour of Cocytus {rCorr Int-5
                  | SInv}
  8429 | Bailey   | Identified the +0 plate armour of the Lost Path {rC+}
  8614 | D:8      | Noticed Maggie
  8623 | D:8      | Killed Maggie
  8624 | D:8      | Reached skill level 11 in Axes
  8716 | D:8      | Reached ** piety under Hepliaklqana
  8717 | D:8      | Remembered your ancestor Valentine as a battlemage
  9765 | D:9      | Noticed a two-headed ogre
  9769 | D:9      | Killed a two-headed ogre
  9872 | D:9      | Found a staircase to the Lair.
 10079 | D:9      | Reached skill level 10 in Armour
 10097 | D:9      | Reached skill level 12 in Axes
 10596 | D:10     | Entered Level 10 of the Dungeon
 10602 | D:10     | Reached *** piety under Hepliaklqana
 10788 | D:10     | Reached XP level 11. HP: 80/84 MP: 10/10
 11026 | D:10     | Found a blossoming altar of Fedhas.
 11204 | D:10     | Found a bloodstained altar of Trog.
 11431 | D:10     | Reached **** piety under Hepliaklqana
 12112 | D:11     | Noticed a red ugly thing
 12117 | D:11     | Killed a red ugly thing
 13111 | D:11     | Found a portal to a secret trove of treasure.
 13327 | D:12     | Reached skill level 13 in Axes
 13449 | D:12     | Noticed a two-headed ogre
 13454 | D:12     | Killed a two-headed ogre
 13701 | D:12     | Noticed an eight-headed hydra
 13707 | D:12     | Killed an eight-headed hydra
 13926 | D:12     | Noticed a white ugly thing
 13935 | D:12     | Killed a white ugly thing
 14075 | D:12     | Found a staircase to the Orcish Mines.
 14110 | D:12     | Noticed a two-headed ogre
 14117 | D:12     | Killed a two-headed ogre
 14265 | D:12     | Noticed a white ugly thing
 14272 | D:12     | Killed a white ugly thing
 14320 | D:12     | Reached XP level 12. HP: 62/93 MP: 11/11
 14634 | D:12     | Reached ***** piety under Hepliaklqana
 15023 | D:13     | Noticed a boulder beetle
 15043 | D:13     | Killed a boulder beetle
 15044 | D:13     | Reached skill level 5 in Stealth
 15263 | D:13     | Noticed a six-headed hydra
 15278 | D:13     | Killed a five-headed hydra
 15871 | D:13     | Reached skill level 14 in Axes
 16376 | D:13     | Noticed a tengu warrior
 16381 | D:13     | Killed a tengu warrior
 16813 | D:13     | Noticed a vault guard
 17318 | D:13     | Killed a vault guard
 17404 | D:13     | Reached skill level 10 in Fighting
 17449 | D:13     | Noticed Josephine
 17454 | D:13     | Killed Josephine
 18070 | D:13     | Noticed Azrael
 18448 | D:14     | Noticed a two-headed ogre
 18451 | D:14     | Noticed a catoblepas
 18453 | D:14     | Noticed a tengu warrior
 18456 | D:14     | Killed a two-headed ogre
 18457 | D:14     | Reached skill level 15 in Axes
 18457 | D:14     | Reached XP level 13. HP: 79/101 MP: 12/12
 18504 | D:13     | Killed from afar by Azrael

Illustrated notes

Levels and vault maps discovered:
D:1:      ncdulo_halloftheorcs, layout_basic, minmay_small_reverse_x
D:2:      layout_loops_cross, basic_altar, hellmonk_ecumenical_altar_crossroads,
          minmay_tetromino_t4
D:3:      layout_basic, kennysheep_generic_room_9, uniq_jessica, uniq_grinder
D:4:      layout_gridville, serial_shops, shop, nicolae_shop_advertising_works
          [nicolae_subvault_shop_adworks], nicolae_shop_hallway_stairs, shop
D:5:      layout_basic, minmay_temple_entry_poolview
D:6:      layout_basic, uniq_duvessa
D:7:      layout_cave_pods, nzn_ghost_randoct, uniq_menkaure
D:8:      layout_loops_ring, enter_bailey_8, minmay_lizard_king, uniq_maggie
D:9:      layout_roguey, dpeg_oklobed_lair, special_room [special_room_bee],
          minmay_fountain_box
D:10:     layout_layer_cave, chequers_temple_overflow_statue_of_worship
D:11:     layout_long_grid, special_room [special_room_orc],
          nicolae_trove_entry_isolated
D:12:     layout_roguey, hiddenorc1_lemuel, roderic_serpentine_path
D:13:     layout_rooms, david_vaults_5, special_room [special_room_orc],
          uniq_josephine, uniq_azrael
D:14:     layout_basic, ebering_ghost_funeral_grove, nicolae_ru_path_of_blood
Temple:   mainiacjoe_temple_big_plus

Skill      XL: |  1  2  3  4  5  6  7  8  9 10 11 12 |
---------------+-------------------------------------+-----
Shields        | 4 5 6 7 8 |  8.1
Armour         | 4 5 6 7 8 10 12 13 | 13.3
Evocations     | 1 2 3 4 5 6 8 9 |  9.3
Fighting       | 4 5 6 7 8 9 10 | 10.2
Axes           | 3 4 5 6 9 10 12 13 15 | 15.0
Stealth        | 1 3 4 6 |  6.6

Action                   |  1- 3 |  4- 6 |  7- 9 | 10-12 | 13-15 || total
-------------------------+-------+-------+-------+-------+-------++-------
Melee: War axe           |    81 |    92 |   247 |   413 |     7 ||   840
       Headbutt          |    11 |    22 |    45 |   109 |     2 ||   189
Invok: Ancestor Identity |       |       |     1 |       |       ||     1
       Ancestor Life: Ba |       |       |       |     1 |       ||     1
Evoke: Wand              |       |       |     5 |    12 |     6 ||    23
  Use: Potion            |       |     3 |     4 |     5 |     2 ||    14
       Scroll            |       |       |    11 |     9 |     2 ||    22
 Stab: Paralysed         |       |       |     2 |    13 |       ||    15
       Distracted        |       |       |       |     6 |       ||     6
Armor: Scale mail        |    45 |    44 |   101 |       |       ||   190
       Plate armour      |       |       |    41 |   275 |    19 ||   335
Dodge: Dodged            |    39 |    48 |    90 |   129 |     4 ||   310
Block: Buckler           |    29 |    23 |    68 |   116 |     3 ||   239
